 Dungeon Crawl Stone Soup version 0.28-a0-1167-g616b1c6417 (webtiles) character file.

Game seed: 10657245305244829596

1023 GordonOverkill the Cleaver (level 8, -9/64 HPs)
             Began as a Minotaur Cinder Acolyte on Dec 16, 2021.
             Was an Elder of Ignis.
             Killed from afar by Dowan (14 damage)
             ... with a shard of ice
             ... on level 5 of the Dungeon.
             The game lasted 00:12:01 (6687 turns).

GordonOverkill the Cleaver (MiCA)                   Turns: 6687, Time: 00:12:01

Health: -9/64      AC: 13    Str: 21    XL:     8   Next: 2%
Magic:  8/8        EV:  9    Int: 11    God:    Ignis [****..]
Gold:   224        SH:  0    Dex:  6    Spells: 9/9 levels left

rFire   + . .      SeeInvis .   a - -1 hand axe (flame)
rCold   . . .      Faith    .   (no shield)
rNeg    . . .      Spirit   .   g - +0 scale mail
rPois   .          Reflect  .   (helmet restricted)
rElec   .          Harm     .   (no cloak)
rCorr   .          Rampage  .   (no gloves)
Will    +....                   (no boots)
Stlth   ..........              (no amulet)
HPRegen 0.20/turn               i - ring of willpower
MPRegen 0.11/turn               (no ring)

@: on berserk cooldown, fiery-armoured, slowed, very slow
A: horns 2, retaliatory headbutt
a: Renounce Religion, Fiery Armour, Foxfire Swarm, Rising Flame


You were on level 5 of the Dungeon.
You worshipped Ignis.
Ignis was greatly pleased with you.
You visited 1 branch of the dungeon, and saw 5 of its levels.

You collected 325 gold pieces.
You spent 101 gold pieces at shops.

Inventory:

Hand Weapons
 a - a -1 hand axe of flaming (weapon)
 d - a +0 dagger of holy wrath
Missiles
 l - 6 poisoned darts (quivered)
 t - a throwing net
 v - 5 boomerangs
Armour
 g - a +0 scale mail (worn)
Jewellery
 h - a ring of wizardry
 i - a ring of willpower (left hand)
Scrolls
 c - a scroll of fear
 o - 2 scrolls of magic mapping
 r - a scroll of amnesia {unknown}
 s - a scroll of enchant weapon {unknown}
 w - a scroll of torment {unknown}
Potions
 b - a potion of brilliance
 e - a potion of haste
 j - a potion of curing
 k - a potion of lignification
 m - a potion of flight
 q - a potion of attraction {unknown}
 u - a potion of ambrosia {unknown}


   Skills:
 - Level 3.6 Fighting
 + Level 11.0 Axes
 - Level 3.0 Throwing
 - Level 1.0 Spellcasting
 - Level 2.1 Fire Magic


You had 9 spell levels left.
You didn't know any spells.
Your spell library contained the following spells:

 Spells                   Type           Power      Damage    Failure   Level
 Scorch                   Fire           10%        2d6       50%         2
 Leda's Liquefaction      Hex/Erth       0%         N/A       100%        4
 Lee's Rapid Deconstruct  Erth           0%         3d5*      100%        5
 Statue Form              Tmut/Erth      0%         N/A       100%        6


Dungeon Overview and Level Annotations

Branches:
Dungeon (5/15)
 Temple: D:4-7

Altars:
Fedhas
Kikubaaqudgha
Okawaru
Ru

Shops:
D:1 !   D:4 **

Annotations:
D:4 2 runed translucent doors, amateurhour's ghost, amateur TrMo
D:5 Dowan


Innate Abilities, Weirdness & Mutations

You have a pair of horns on your head.
You reflexively headbutt those who attack you in melee.


Message History

You see here 2 atropa-tipped darts.
Items here: ! ( ) [ †.
You closely miss Dowan.
Dowan is heavily wounded.
Dowan barely misses you.
You hit Dowan. You burn Dowan.
Dowan is severely wounded.
You are no longer berserk.
You are exhausted.
You feel yourself slow down.
Dowan mumbles some strange words.
Dowan blinks!
Dowan mumbles some strange words.
Dowan blinks!
Dowan mumbles some strange words.
Dowan blinks!
Okay, then.
You feel better. Dowan hits you but does no damage.
Dowan completely misses you.
Throw: 7 darts (poison)
Press: ? - help, Q - select action, (/) - cycle Shift-Dir - straight line, f/p - Dowan
Aim: Dowan, wielding a +0 dagger and wearing a +0 robe (severely wounded, fast, 41% to hit)
You throw a poisoned dart. The poisoned dart hits Dowan.
Dowan is poisoned.
Dowan is severely wounded.
Dowan misses you.
Dowan points at you and mumbles some strange words.
The shard of ice hits you!
* * * LOW HITPOINT WARNING * * *
You feel better.
Dowan shakes with grief.
Dowan hits you but does no damage.
Dowan casts a spell.
Dowan blinks!
Dowan casts a spell at you. The shard of ice hits you!
* * * LOW HITPOINT WARNING * * *
A protective cloak of flame settles atop you.
Dowan casts a spell at you. The shard of ice hits you!
You die...

#.# #.# ## #e ##.## #.#
#. #e ##...####.###. #.
#.###.##...##. #. #.#
#......... #.
#.###......##. #.
##.....###.##.
#.###########.##.# #.##.
#(.().e@§........###....
############.###.....##.
#.)......###.
#.#####.####. #.#
#.###.. #.# #.##... #.#
#...... #.# #.##... #.#
#.###..


You could see Dowan (fast, poisoned).

Vanquished Creatures
  Sigmund (D:5)
  Duvessa (D:5)
  2 ogres
  A scorpion (D:4)
  2 hounds (D:5)
  3 orc priests (D:4)
  2 jellies
  Natasha (twice) (D:3)
  5 orc wizards
  4 gnolls (D:4)
  3 adders
  An ufetubus (D:5)
  A worm (D:3)
  3 dart slugs
  15 orcs
  4 ball pythons (D:1)
  4 bats
  8 endoplasms
  4 giant cockroaches
  6 goblins
  3 hobgoblins
  6 jackals (D:5)
  6 kobolds
  4 quokkas
  A frilled lizard (D:2)
  5 rats
97 creatures vanquished.

Vanquished Creatures (others)
  13 foxfires (D:4)
  A plant (D:5)
  A withered plant (D:5)
15 creatures vanquished.

Grand Total: 112 creatures vanquished

Notes
Turn   | Place    | Note
-------+----------+-------------------------------------------
     0 | D:1      | GordonOverkill the Minotaur Cinder Acolyte began the quest
                  | for the Orb.
     0 | D:1      | Reached XP level 1. HP: 19/19 MP: 1/1
    25 | D:1      | Found Aryqir's Distillery.
    91 | D:1      | Reached skill level 4 in Axes
   138 | D:1      | Reached XP level 2. HP: 26/26 MP: 2/2
   413 | D:1      | Found a sacrificial altar of Ru.
   653 | D:1      | Reached skill level 5 in Axes
   744 | D:1      | Found a faded altar of an unknown god.
   752 | D:1      | Reached XP level 3. HP: 29/31 MP: 3/3
  1168 | D:1      | Bought 2 potions of degeneration for 26 gold pieces
  2424 | D:2      | Reached XP level 4. HP: 39/39 MP: 4/4
  2518 | D:3      | Reached skill level 6 in Axes
  2736 | D:3      | Found an iron altar of Okawaru.
  2753 | D:3      | Noticed Natasha
  2766 | D:3      | Killed Natasha
  2767 | D:3      | Reached skill level 1 in Throwing
  3096 | D:3      | Noticed Natasha
  3105 | D:3      | Killed Natasha
  3449 | D:4      | Noticed an ogre
  3475 | D:4      | Killed an ogre
  3476 | D:4      | Reached XP level 5. HP: 10/45 MP: 5/5
  3777 | D:4      | Found Qaghof's Assorted Antiques.
  3783 | D:4      | Bought a silvery potion for 23 gold pieces
  3783 | D:4      | Bought a scroll labelled BAPAMA ABARGHU for 26 gold pieces
  3783 | D:4      | Bought a scroll labelled COUNAA USIAG for 26 gold pieces
  3796 | D:4      | Reached skill level 7 in Axes
  3922 | D:4      | Reached XP level 6. HP: 36/51 MP: 6/6
  4202 | D:4      | Reached skill level 8 in Axes
  4495 | D:4      | Found a runed translucent door.
  4496 | D:4      | Noticed amateurhour's ghost (amateur TrMo)
  4721 | D:4      | Found Bahiopho's Overcharged Wands.
  5076 | D:4      | Reached XP level 7. HP: 57/57 MP: 7/7
  5095 | D:4      | Reached skill level 9 in Axes
  5354 | D:4      | Found a runed translucent door.
  5450 | D:5      | Entered Level 5 of the Dungeon
  5966 | D:5      | Noticed Sigmund
  5990 | D:5      | Killed Sigmund
  5991 | D:5      | Reached skill level 10 in Axes
  6189 | D:5      | Found a blossoming altar of Fedhas.
  6191 | D:5      | Found an ancient bone altar of Kikubaaqudgha.
  6649 | D:5      | Noticed Duvessa
  6649 | D:5      | Noticed Dowan
  6671 | D:5      | Killed Duvessa
  6672 | D:5      | Reached skill level 11 in Axes
  6672 | D:5      | Reached XP level 8. HP: 32/64 MP: 8/8
  6687 | D:5      | Killed from afar by Dowan

Illustrated notes

Levels and vault maps discovered:
D:1:      scummos_arrival_star, layout_basic, basic_ecumenical_altar,
          serial_shops, shop, kennysheep_flooded_box, minmay_tromino_v4_b
D:2:      layout_loops_ring, dk_noncrumbling_2, serial_park_tiny_2
D:3:      layout_basic, lemuel_round_altar, uniq_natasha
D:4:      layout_basic, serial_shops, shop, ebering_ghost_sewer_f,
          minmay_misc_feat_ornament, nicolae_shop_overcharged_wands
D:5:      layout_loops_ring, grunt_temple_overflow_growth_and_decay,
          uniq_menkaure, uniq_duvessa, uniq_sigmund

Skill      XL: |  1  2  3  4  5  6  7 |
---------------+----------------------+-----
Axes           | 4 5 6 7 8 11 | 11.0
Throwing       | 2 3 |  3.0
Fighting       | |  3.6
Spellcasting   | |  1.0
Fire Magic     | |  2.1

Action                   |  1- 3 |  4- 6 |  7- 9 || total
-------------------------+-------+-------+-------++-------
Melee: Hand axe          |    94 |   107 |   112 ||   313
       Headbutt          |    13 |    13 |     6 ||    32
Throw: Dart              |       |    39 |    17 ||    56
       Throwing net      |       |       |     1 ||     1
Invok: Foxfire Swarm     |       |     2 |       ||     2
       Fiery Armour      |       |       |     2 ||     2
  Use: Scroll            |     3 |     2 |     4 ||     9
       Potion            |       |     2 |     4 ||     6
Armor: Robe              |    17 |       |       ||    17
       Ring mail         |    12 |       |       ||    12
       Scale mail        |       |    22 |    45 ||    67
Dodge: Dodged            |    47 |    41 |    36 ||   124

Table legend: (Time is in decaauts)
 A = Elapsed time spent in this place.
 B = Non-inter-level travel time spent in this place.
 C = Inter-level travel time spent in this place.
 D = Time resting spent in this place.
 E = Time spent auto-exploring this place.
 F = Levels seen in this place.
 G = Mean time per level.
                   A        B        C        D        E       F      G
               +--------+--------+--------+--------+--------+-----+--------+
         Total |   6661 |   6453 |    208 |   2295 |   3135 |   5 | 1332.2 |
       Dungeon |   6661 |   6453 |    208 |   2295 |   3135 |   5 | 1332.2 |
               +--------+--------+--------+--------+--------+-----+--------+

Top non-repeatable levels by time:
     D:4: 2261 daAuts
     D:2: 1235 daAuts
     D:1: 1200 daAuts
     D:5: 1199 daAuts
     D:3: 764 daAuts
